 Dungeon Crawl Stone Soup version 0.20.1-1-g8b1a95d (webtiles) character file.

4694 ReteAZ the Grappler (level 10, -5/98 HPs)
             Began as a Troll Arcane Marksman on Aug 14, 2017.
             Was a High Priest of Elyvilon.
             Slain by a two-headed ogre
             ... wielding a +0 giant club
              (8 damage)
             ... on level 9 of the Dungeon.
             The game lasted 00:16:31 (6900 turns).

ReteAZ the Grappler (Troll Arcane Marksman)         Turns: 6900, Time: 00:16:31

Health: -5/98      AC:  8    Str: 20    XL:     10   Next: 21%
Magic:  10/10      EV: 12    Int: 11    God:    Elyvilon [*****.]
Gold:   404        SH:  0    Dex: 11    Spells: 10/11 levels left

rFire    . . .     SeeInvis .     - Unarmed
rCold    . . .     Gourm    +   (no shield)
rNeg     + . .     Faith    .   a - +0 robe
rPois    .         Spirit   .   (helmet restricted)
rElec    .         Reflect  .   (no cloak)
rCorr    .         Harm     .   (gloves unavailable)
MR       .....     Clarity  +   (boots unavailable)
Stlth    +.........             (no amulet)
Regen    0.7/turn               e - +3 ring of protection
MPRegen  0.2/turn               g - ring of positive energy

@: no status effects
A: unfitting armour, claws 3, clarity, fast metabolism 3, gourmand, sense
surroundings 1, regeneration 1, shaggy fur 1, tough skin 2
a: Lesser Healing, Heal Other, Purification, Greater Healing, Divine Vigour,
Divine Protection, Renounce Religion


You were on level 9 of the Dungeon.
You worshipped Elyvilon.
Elyvilon was extremely pleased with you.
You were completely stuffed.

You visited 2 branches of the dungeon, and saw 10 of its levels.

You collected 404 gold pieces.

Inventory:

Missiles
 c - a large rock (quivered)
 d - 4 throwing nets
 v - 11 javelins
 F - 4 tomahawks
Armour
 a - a +0 robe (worn)
 B - a -1 cloak
Jewellery
 e - a +3 ring of protection (left claw)
 g - a ring of positive energy (right claw)
 t - an uncursed ring of see invisible
Wands
 h - a wand of disintegration (13/24)
 s - a wand of digging (13/24)
 G - a wand of paralysis (14/24)
 P - a wand of enslavement (10/24)
 R - a wand of lightning (7/15)
Scrolls
 m - 3 scrolls of noise
 p - a scroll of magic mapping
 q - a scroll of recharging {unknown}
 x - 2 scrolls of random uselessness {unknown}
 z - 2 scrolls of vulnerability {unknown}
 C - a scroll of fear {unknown}
 E - 3 scrolls of remove curse
 K - a scroll of blinking {unknown}
 L - 3 scrolls of identify {unknown}
 N - a scroll of torment {unknown}
 O - a scroll of enchant weapon {unknown}
 Q - a scroll of fog {unknown}
 S - a scroll of amnesia {unknown}
 T - a scroll of immolation {unknown}
Potions
 i - a potion of brilliance {unknown}
 j - 2 potions of heal wounds {unknown}
 l - a potion of cancellation {unknown}
 o - a potion of degeneration {unknown}
 u - a potion of might {unknown}
 w - a potion of mutation {unknown}
 A - 2 potions of haste {unknown}
 H - a potion of curing {unknown}
 I - 2 potions of agility {unknown}
 J - 2 potions of lignification {unknown}
Books
 b - a book of Debilitation

   Spells                             Type                      Level
   a - Corona                         Hexes                        1
   b - Slow                           Hexes                        2
   c - Inner Flame                    Hexes/Fire                   3
   d - Portal Projectile              Hexes/Translocation          3
   e - Cause Fear                     Hexes                        4
   f - Leda's Liquefaction            Hexes/Earth                  4
 y - a book of Clouds

   Spells                             Type                      Level
   a - Poisonous Vapours              Poison/Air                   2
   b - Mephitic Cloud                 Conjuration/Poison/Air       3
   c - Conjure Flame                  Conjuration/Fire             3
   d - Freezing Cloud                 Conjuration/Ice/Air          6
   e - Ring of Flames                 Charms/Fire                  7
 D - a book of Geomancy

   Spells                             Type                      Level
   a - Sandblast                      Earth                        1
   b - Passwall                       Transmutation/Earth          2
   c - Stone Arrow                    Conjuration/Earth            3
   d - Petrify                        Transmutation/Earth          4
   e - Lee's Rapid Deconstruction     Earth                        5
Comestibles
 f - 8 bread rations
 k - 9 fruits
 n - a royal jelly
 r - a meat ration
 M - 4 chunks of flesh


   Skills:
 + Level 6.1 Fighting
 - Level 2.1 Throwing
 + Level 6.1 Dodging
 * Level 10.8 Unarmed Combat
 - Level 1.0 Spellcasting
 - Level 2.0 Hexes


You had 10 spell levels left.
You knew the following spells:

 Your Spells              Type           Power        Failure   Level  Hunger
a - Corona                Hex            #......      14%         1    ##.....


Dungeon Overview and Level Annotations

Branches:
Dungeon (9/15)             Temple (1/1) D:4
   Lair: D:8-11         Orc: D:9-12

Altars:
Ashenzari
Cheibriados
Dithmenos
Elyvilon
Fedhas
Gozag
Hepliaklqana
Kikubaaqudgha
Makhleb
Nemelex Xobeh
Okawaru
Qazlal
Ru
Sif Muna
Trog
Uskayaw
Vehumet
Xom
Yredelemnul
Zin
The Shining One

Shops:
D:8 %(

Annotations:
D:7 Menkaure


Innate Abilities, Weirdness & Mutations

You are too large for most types of armour.
You have claws for hands.
Your metabolism is lightning-fast.
You like to eat raw meat.
Your natural rate of healing is unusually fast.
You are covered in fur. (AC +1)
You have very tough skin. (AC +2)
You possess an exceptional clarity of mind.
You passively map a small area around you.


Message History

You scratch the two-headed ogre.
The two-headed ogre is moderately wounded.
The two-headed ogre barely misses you. x2
You barely miss the two-headed ogre.
The two-headed ogre is moderately wounded.
You barely miss the two-headed ogre.
The two-headed ogre is moderately wounded.
The two-headed ogre hits you with a giant club!
* * * LOW HITPOINT WARNING * * *
The two-headed ogre hits you with a giant club!!
* * * LOW HITPOINT WARNING * * *
Okay, then.
Okay, then.
You completely miss the two-headed ogre.
The two-headed ogre is moderately wounded.
You mangle the two-headed ogre!!
The two-headed ogre is severely wounded.
The two-headed ogre closely misses you.
The two-headed ogre hits you with a giant club!
You die...

, , * ... < ##......
K.. ###..(...., ,
.... #......._. *,
.....*#........
.(.K.##...#.., ,,
.....!.#...#* ,... *
.....(.#...# *...##
, *, ,.......@...#
#...#
....##.O...#####...#
.
#.....#...#....#####
, ,
#...................
#................# ,
, *
#####............#,,
* #.........#.<#, *
, , ###.......#..#,,
* #..........#*


You could see a two-headed ogre and 2 kobolds.

Vanquished Creatures
  2 two-headed ogres (D:8)
  An ugly thing (D:6)
  Joseph (D:7)
  A spriggan (D:7)
  A vampire (D:9)
  An orc warrior (D:8)
  A phantom (D:7)
  A sky beast (D:6)
  2 black bears
  3 ogres
  4 centaurs
  A big kobold (D:7)
  5 bullfrogs
  A water moccasin zombie (D:4)
  A scorpion (D:4)
  A howler monkey (D:5)
  4 crimson imps
  2 hounds (D:6)
  3 orc priests
  2 centaur skeletons
  Jessica (D:2)
  An iguana (D:6)
  6 worker ants
  4 orc wizards
  A killer bee zombie (D:9)
  A howler monkey zombie (D:5)
  9 adders
  A shadow imp (D:5)
  An ooze (D:3)
  An adder zombie (D:7)
  An adder skeleton (D:4)
  A worm (D:3)
  4 dart slugs (D:1)
  4 leopard geckos
  19 orcs
  4 bats
  2 giant cockroaches
  9 goblins
  7 hobgoblins
  A quokka (D:2)
  2 ball pythons
  4 frilled lizards
  A jackal skeleton (D:7)
  17 kobolds
  5 rats
145 creatures vanquished.

Notes
Turn   | Place    | Note
-------+----------+-------------------------------------------
     0 | D:1      | ReteAZ the Troll Arcane Marksman began the quest for the Orb.
     0 | D:1      | Reached XP level 1. HP: 18/18 MP: 1/1
    43 | D:1      | Reached skill level 1 in Unarmed Combat
   125 | D:1      | Reached XP level 2. HP: 26/26 MP: 2/2
   242 | D:1      | Reached skill level 2 in Unarmed Combat
   461 | D:1      | Reached XP level 3. HP: 28/32 MP: 3/3
   840 | D:2      | Reached skill level 3 in Unarmed Combat
  1038 | D:2      | Found a burning altar of Makhleb.
  1042 | D:2      | Found a radiant altar of Vehumet.
  1077 | D:2      | Noticed Jessica
  1090 | D:2      | Killed Jessica
  1090 | D:2      | Reached skill level 1 in Fighting
  1090 | D:2      | Reached XP level 4. HP: 37/41 MP: 4/4
  1285 | D:2      | Found a deep blue altar of Sif Muna.
  1893 | D:3      | Reached XP level 5. HP: 32/48 MP: 5/5
  2359 | D:4      | Reached skill level 4 in Unarmed Combat
  2452 | D:4      | Found a glowing golden altar of the Shining One.
  2608 | D:4      | Found an ancient bone altar of Kikubaaqudgha.
  2663 | D:4      | Reached XP level 6. HP: 53/57 MP: 6/6
  2690 | D:4      | Reached skill level 5 in Unarmed Combat
  2696 | D:4      | Found a snail-covered altar of Cheibriados.
  2726 | D:4      | Found a staircase to the Ecumenical Temple.
  2802 | Temple   | Entered the Ecumenical Temple
  2997 | Temple   | Became a worshipper of Elyvilon the Healer
  3140 | D:4      | Found a shadowy altar of Dithmenos.
  3351 | D:4      | Found a sacrificial altar of Ru.
  3381 | D:5      | Entered Level 5 of the Dungeon
  3386 | D:5      | Reached XP level 7. HP: 66/66 MP: 7/7
  3404 | D:5      | Reached * piety under Elyvilon
  3405 | D:5      | Found a shimmering altar of Xom.
  3532 | D:5      | Found a sparkling altar of Nemelex Xobeh.
  3532 | D:5      | Found an opulent altar of Gozag.
  3645 | D:5      | Reached skill level 6 in Unarmed Combat
  4069 | D:6      | Reached ** piety under Elyvilon
  4138 | D:6      | Found a deep blue altar of Sif Muna.
  4338 | D:6      | Reached XP level 8. HP: 51/75 MP: 8/8
  4363 | D:6      | Reached skill level 7 in Unarmed Combat
  4366 | D:6      | Gained mutation: You passively map a small area around you. [mutagenic meat]
  4367 | D:6      | Gained mutation: You possess an exceptional clarity of mind. [mutagenic meat]
  4618 | D:6      | Noticed a white ugly thing
  4634 | D:6      | Killed a white ugly thing
  4634 | D:6      | Reached skill level 8 in Unarmed Combat
  4659 | D:6      | Reached *** piety under Elyvilon
  4846 | D:6      | Reached XP level 9. HP: 78/85 MP: 9/9
  5232 | D:7      | Noticed Joseph
  5245 | D:7      | Killed Joseph
  5245 | D:7      | Reached skill level 5 in Fighting
  5245 | D:7      | Reached skill level 5 in Dodging
  5245 | D:7      | Reached skill level 9 in Unarmed Combat
  5603 | D:7      | Reached **** piety under Elyvilon
  5611 | D:7      | Noticed Menkaure
  6072 | D:8      | Found Femank's Antique Weapon Boutique.
  6093 | D:8      | Found Toigibb's Food Boutique.
  6096 | D:8      | Noticed a two-headed ogre
  6097 | D:8      | Noticed a two-headed ogre
  6104 | D:8      | Killed a two-headed ogre
  6104 | D:8      | Reached skill level 10 in Unarmed Combat
  6440 | D:8      | Killed a two-headed ogre
  6440 | D:8      | Reached XP level 10. HP: 38/98 MP: 10/10
  6575 | D:8      | Found a sparkling altar of Nemelex Xobeh.
  6711 | D:8      | Reached ***** piety under Elyvilon
  6890 | D:9      | Found a radiant altar of Vehumet.
  6890 | D:9      | Noticed a two-headed ogre
  6898 | D:9      | HP: 2/98 [two-headed ogre/giant club (21)]
  6900 | D:9      | Slain by a two-headed ogre

Skill      XL: |  1  2  3  4  5  6  7  8  9 |
---------------+----------------------------+-----
Unarmed Combat | 1 2 3 4 5 6 8 10 | 10.8
Throwing       | 2 |  2.1
Fighting       | 1 2 3 4 6 |  6.1
Dodging        | 2 3 4 6 |  6.1
Spellcasting   | |  1.0
Hexes          | |  2.0

Action                   |  1- 3 |  4- 6 |  7- 9 | 10-12 || total
-------------------------+-------+-------+-------+-------++-------
Melee: Unarmed           |    91 |   117 |   229 |    16 ||   453
       Punch             |       |     1 |     6 |     1 ||     8
Throw: Javelin           |       |    13 |     6 |       ||    19
       Large rock        |       |       |     4 |     5 ||     9
  Use: Scroll            |       |       |     6 |       ||     6
 Stab: Sleeping          |       |       |     1 |       ||     1
  Eat: Chunk             |    12 |    17 |    35 |     7 ||    71
Armor: Robe              |    32 |    43 |    55 |     1 ||   131
Dodge: Dodged            |    44 |    50 |   102 |     9 ||   205
